 Dungeon Crawl Stone Soup version 0.28.0 (webtiles) character file.

Game seed: 8324223910515903062

11 SnakkuSnakku7 the Skirmisher (level 2, 0/24 HPs)
             Began as a Mummy Cinder Acolyte on Feb 11, 2022.
             Was a High Priest of Ignis.
             Slain by a kobold (3 damage)
             ... on level 1 of the Dungeon.
             The game lasted 00:00:38 (316 turns).

SnakkuSnakku7 the Skirmisher (Mummy Cinder Acolyte)  Turns: 316, Time: 00:00:39

Health: 0/24       AC:  2    Str: 17    XL:     2   Next: 13%
Magic:  1/4        EV: 11    Int: 13    God:    Ignis [*****.]
Gold:   7          SH:  0    Dex:  7    Spells: 1/3 levels left

rFire   . . .      SeeInvis .   a - -1 mace (flame)
rCold   + . .      Faith    .   (no shield)
rNeg    + + +      Spirit   .   b - +0 robe
rPois   ∞          Reflect  .   (no helmet)
rElec   .          Harm     .   (no cloak)
rCorr   .          Rampage  .   (no gloves)
Will    .....                   (no boots)
Stlth   +.........              (no amulet)
HPRegen 0.08/turn               (no ring)
MPRegen 0.09/turn               (no ring)

@: no status effects
A: cold resistance 1, negative energy resistance 3, torment resistance 2, heat
vulnerability 1, no potions
a: Renounce Religion, Fiery Armour, Foxfire Swarm, Rising Flame


You were on level 1 of the Dungeon.
You worshipped Ignis.
Ignis was extremely pleased with you.
You visited 1 branch of the dungeon, and saw 1 of its levels.

You collected 7 gold pieces.

Inventory:

Hand Weapons
 a - a -1 mace of flaming (weapon)
Armour
 b - a +0 robe (worn)
Jewellery
 c - a ring of wizardry
Scrolls
 d - a scroll of blinking {unknown}


   Skills:
 - Level 3.0 Fighting
 - Level 2.4 Maces & Flails
 - Level 1.3 Spellcasting
 + Level 3.0 Fire Magic


You had one spell level left.
You knew the following spells:

 Your Spells              Type           Power      Damage    Failure   Level
a - Scorch                Fire           16%        2d6       12%         2

Your spell library contained the following spells:

 Spells                   Type           Power      Damage    Failure   Level


Dungeon Overview and Level Annotations

Branches:
Dungeon (1/15)

Altars:


Innate Abilities, Weirdness & Mutations

You are immune to poison.
Your flesh is cold resistant. (rC+)
You are immune to negative energy. (rN+++)
You are immune to unholy pain and torment.
You are vulnerable to heat. (rF-)
You do not drink.


Message History

The kobold shouts!
A ball python comes into view.
The ball python hisses angrily.
The kobold throws a stone.
The stone misses you.
The kobold throws a stone.
The stone misses you.
You see here a quokka corpse.
An endoplasm comes into view.
Casting: Scorch (safe; 12% risk of failure)
Press: ? - help, Q - select action Dir - look around, f - activate Flames lash the ball python.
You kill the ball python!
Unknown command.
Casting: Scorch (safe; 12% risk of failure)
Press: ? - help, Q - select action Dir - look around, f - activate Flames lash the endoplasm.
The endoplasm is almost dead.
The endoplasm's fire resistance burns away.
The kobold hits you with a +0 club.
* * * LOW HITPOINT WARNING * * *
You don't have enough magic to cast this spell.
Unknown command.
The kobold throws a stone.
The stone hits you but does no damage.
The kobold throws a stone.
The stone hits you.
* * * LOW HITPOINT WARNING * * *
The kobold throws a stone.
The stone hits you but does no damage.
You don't have enough magic to cast this spell.
Unknown command.
Unknown command.
You see here a quokka corpse.
Casting: Scorch (safe; 12% risk of failure)
Press: ? - help, Q - select action Dir - look around, f - activate Flames lash the endoplasm.
You kill the endoplasm!
Unknown command.
The kobold throws a stone.
The stone barely misses you. The kobold barely misses you.
The kobold hits you with a +0 club.
* * * LOW HITPOINT WARNING * * *
You hit the kobold but do no damage. The kobold hits you with a +0 club.
You die...

# #.#.#######.#.....#
####...#.......†..#
.........##.K.....###
#####.......####†.#..
#.........#.# #.##.#
#.###.###.#.# #.##.# #.#
#.# #.#.# #.##.# #.#
#.###.#.####K##.# #.#
#.#.........@...#
#.###.#####.#.#.....######
....................#....#
#.###.#####.#.#.###.#.##.##
#.#......).................
#.#.#.#####.#..........####
#.#.#.# ##.......#.#..# #.#
#.#................# #.#
#.#.#######.#.#.#..#


You could see a kobold.

Vanquished Creatures
  A bat (D:1)
  2 endoplasms (D:1)
  2 hobgoblins (D:1)
  A kobold (D:1)
  A quokka (D:1)
  A ball python (D:1)
  A rat (D:1)
9 creatures vanquished.

Notes
Turn   | Place    | Note
-------+----------+-------------------------------------------
     0 | D:1      | SnakkuSnakku7 the Mummy Cinder Acolyte began the quest for
                  | the Orb.
     0 | D:1      | Reached XP level 1. HP: 18/18 MP: 2/2
   254 | D:1      | Reached XP level 2. HP: 4/24 MP: 4/4
   257 | D:1      | Learned a level 2 spell: Scorch
   316 | D:1      | Slain by a kobold

Illustrated notes

Levels and vault maps discovered:
D:1:      minmay_arrival_hallway, layout_basic, ebering_ecumenical_altar_rust,
          hangedman_abyss_or_decor_lesser_grid, minmay_tall_x

Skill      XL: |  1 |
---------------+----+-----
Fire Magic     | 3 |  3.0
Fighting       | |  3.0
Maces & Flails | |  2.4
Spellcasting   | |  1.3

Action                   || total
-------------------------++-------
Melee: Mace              ||    23
 Cast: Scorch            ||     3
Armor: Robe              ||     6
Dodge: Dodged            ||    18
